 Dungeon Crawl Stone Soup version 0.27.0-1-g7a089689b8 (webtiles) character file.

Game seed: 2115200764209970913

355 sanka the Insei (level 6, 0/44 HPs)
             Began as a Vampire Hunter on Aug 4, 2021.
             Was an Initiate of Okawaru.
             Slain by Menkaure (3 damage)
             ... on level 4 of the Dungeon.
             The game lasted 00:06:53 (3232 turns).

sanka the Insei (Vampire Hunter)                    Turns: 3232, Time: 00:06:54

Health: 0/44       AC:  6    Str: 11    XL:     6   Next: 36%
Magic:  6/6        EV: 12    Int: 16    God:    Okawaru [......]
Gold:   61         SH:  0    Dex: 14    Spells: 5/5 levels left

rFire    . . .     SeeInvis +     - Unarmed
rCold    . . .     Faith    .   (no shield)
rNeg     . . .     Spirit   .   c - +0 leather armour
rPois    .         Reflect  .   e - +0 helmet
rElec    .         Harm     .   (no cloak)
rCorr    .         Rampage  .   f - +1 pair of gloves
Will     .....                  (no boots)
Stlth    ++........             (no amulet)
HPRegen  0.34/turn              (no ring)
MPRegen  0.10/turn              (no ring)

@: healing quickly
A: alive, fangs 3, see invisible, vampiric 2
a: Exsanguinate, Renounce Religion


You were on level 4 of the Dungeon.
You worshipped Okawaru.
Okawaru was noncommittal.
You visited 2 branches of the dungeon, and saw 5 of its levels.
You also visited: Sewer.

You collected 61 gold pieces.


Innate Abilities, Weirdness & Mutations

Your natural rate of healing is accelerated.
You have razor-sharp teeth.
You have supernaturally acute eyesight. (SInv)
You are afflicted with vampirism and can become a bat while bloodless.


   Skills:
 - Level 2.0 Fighting
 - Level 3.2 Crossbows
 - Level 2.1 Dodging
 - Level 1.5 Stealth
 + Level 7.0 Unarmed Combat
 + Level 0.0 Invocations


You had 5 spell levels left.
You didn't know any spells.
Your spell library contained the following spells:

 Spells                   Type           Power      Damage    Failure   Level
 Conjure Ball Lightning   Conj/Air       0%         3x3d6     100%        6
 Discord                  Hex            0%         N/A       100%        8
 Disjunction              Tloc           0%         N/A       100%        8

Inventory:

Hand Weapons
 a - a +1 hand crossbow of freezing
Missiles
 d - 108 bolts
Armour
 c - a +0 leather armour (worn)
 e - a +0 helmet (worn)
 f - a +1 pair of gloves (worn)
Jewellery
 x - a ring of protection from fire
Wands
 r - a wand of flame (2)
 u - a wand of polymorph (6)
Scrolls
 b - a scroll of silence {unknown}
 h - 2 scrolls of holy word {unknown}
 i - a scroll of enchant weapon {unknown}
 k - 2 scrolls of brand weapon
 l - a scroll of summoning {unknown}
 m - a scroll of blinking {unknown}
 p - 2 scrolls of identify {unknown}
 q - a scroll of immolation {unknown}
 t - a scroll of magic mapping {unknown}
 w - a scroll of fear {unknown}
 y - a scroll of acquirement {unknown}
Potions
 g - 2 potions of heal wounds {unknown}
 j - 2 potions of haste {unknown}
 n - a potion of brilliance {unknown}
 o - 2 potions of cancellation {unknown}
 s - a potion of lignification {unknown}
 v - 2 potions of magic {unknown}

Dungeon Overview and Level Annotations

Branches:
Dungeon (4/15)             Temple (1/1) D:4           Sewer (visited)

Altars:
Ashenzari
Elyvilon
Gozag
Makhleb
Nemelex Xobeh
Okawaru
Qazlal
Ru
Trog
Wu Jian
Xom
Zin
The Shining One

Annotations:
D:4 Dowan, Duvessa, Edmund, Eustachio, Menkaure

.....o▒▒...▒▒..........
.....▒....▒▒..........
..........▒▒▒▒▒▒.▒▒▒..
▒▒▒▒.....▒ ▒.▒▒▒▒.
▒...[.▒ ▒..▒ ▒▒
▒▒@....▒ ▒..▒ .
▒......▒ ▒..▒
....▒▒▒▒▒▒▒▒......▒
▒.▒▒ ▒....#.)eMV....▒
▒▒▒ .....▒▒▒▒▒▒▒▒.....▒
... ▒.....▒ ▒ ▒▒▒▒▒▒▒


You could see Edmund, Duvessa and Menkaure (fast).


Message History

You see here a +0 short sword.
Aiming: Throw Flame
Aim: Menkaure (fast, 85% to hit)
The puff of flame hits Menkaure.
Menkaure is burned terribly!
Menkaure is moderately damaged.
Edmund the Younger comes into view.
He is wielding a +3 flail of draining.
That's the wrong kind of item! (Use * to select it.) Evoke which item? (* to show all) (? for menu, Esc to quit)
Aiming: Throw Flame
Aim: Menkaure (moderately damaged, fast, 85% to hit)
The puff of flame misses Menkaure.
Edmund shouts!
Menkaure hits you!!
* * * LOW HITPOINT WARNING * * *
Okay, then.
Menkaure calls on the powers of darkness!
Your body is wracked with pain!
* * * LOW HITPOINT WARNING * * *
Duvessa convulses!
Dowan convulses!
Edmund convulses!
As you read the scroll labelled ZUNNYG BESA ELA, it crumbles to dust.
It is a scroll of brand weapon.
Your +1 hand crossbow is covered with a thin layer of ice!
a - a +1 hand crossbow of freezing Dowan mumbles some strange words.
Dowan blinks!
Menkaure hits you.
You die...

Action                   |  1- 3 |  4- 6 || total
-------------------------+-------+-------++-------
Melee: Short sword       |     1 |     5 ||     6
       Bite              |       |     9 ||     9
       Unarmed           |       |    62 ||    62
 Fire: Hand crossbow     |    76 |    70 ||   146
Evoke: Wand              |       |     6 ||     6
  Use: Scroll            |       |     1 ||     1
 Stab: Sleeping          |       |     2 ||     2
Armor: Leather armour    |     2 |    35 ||    37
Dodge: Dodged            |    15 |    46 ||    61

Levels and vault maps discovered:
D:1:      scummos_arrival_simple_fountains, layout_basic
D:2:      layout_loops_cross, hellmonk_ecumenical_altar_zigzags,
          supply_closet_lemuel
D:3:      layout_basic, cheibrodos_ashenzari_chains, general_overflow_altar
D:4:      layout_rooms, minmay_temple_entry_antechambers, portal_sewer_entry_c,
          uniq_ijyb, uniq_duvessa, uniq_menkaure, uniq_edmund, uniq_eustachio
Temple:   chequers_temple_sunken

Notes
Turn   | Place    | Note
-------+----------+-------------------------------------------
     0 | D:1      | sanka the Vampire Hunter began the quest for the Orb.
     0 | D:1      | Reached XP level 1. HP: 16/16 MP: 1/1
    48 | D:1      | Reached skill level 2 in Fighting
    49 | D:1      | Reached skill level 1 in Unarmed Combat
    59 | D:1      | Reached XP level 2. HP: 16/22 MP: 2/2
   262 | D:1      | Reached skill level 2 in Unarmed Combat
   639 | D:2      | Gained mutation: You are afflicted with vampirism and can
                  | become a bat while bloodless. [Vampire growth]
   639 | D:2      | Reached XP level 3. HP: 27/27 MP: 3/3
   892 | D:2      | Reached skill level 3 in Unarmed Combat
  1049 | D:2      | Found a faded altar of an unknown god.
  1253 | D:3      | Found a broken altar of Ashenzari.
  1281 | D:3      | Reached skill level 4 in Unarmed Combat
  1281 | D:3      | Reached XP level 4. HP: 31/33 MP: 4/4
  1965 | D:3      | Found a sacrificial altar of Ru.
  2010 | D:4      | Noticed Eustachio
  2329 | D:4      | Noticed Ijyb
  2333 | D:4      | Reached skill level 5 in Unarmed Combat
  2333 | D:4      | Reached XP level 5. HP: 25/38 MP: 5/5
  2345 | D:4      | HP: 3/38 [Ijyb (3)]
  2346 | D:4      | Killed Ijyb
  2538 | D:4      | Found a glowing drain.
  2567 | Sewer    | Entered a sewer
  2675 | Sewer    | Noticed Purgy
  2682 | Sewer    | Killed Purgy
  2683 | Sewer    | Reached skill level 6 in Unarmed Combat
  2683 | Sewer    | Reached XP level 6. HP: 34/44 MP: 6/6
  2904 | D:4      | Found a staircase to the Ecumenical Temple.
  2916 | Temple   | Entered the Ecumenical Temple
  2940 | Temple   | Became a worshipper of Warmaster Okawaru
  3000 | D:4      | Reached skill level 7 in Unarmed Combat
  3160 | D:4      | Noticed Eustachio
  3160 | D:4      | Eustachio changed into Eustachio the killer bee
  3219 | D:4      | Noticed Menkaure
  3221 | D:4      | Noticed Duvessa
  3224 | D:4      | Noticed Dowan
  3228 | D:4      | Noticed Edmund
  3229 | D:4      | HP: 3/44 [Menkaure (21)]
  3232 | D:4      | Slain by Menkaure

Vanquished Creatures
  Purgy (Sewer)
  A water moccasin skeleton (D:4)
  A centaur zombie (D:3)
  A jelly (D:4)
  Ijyb (D:4)
  6 adders
  2 worms (D:4)
  5 dart slugs
  2 orcs
  3 ball pythons
  4 endoplasms
  3 giant cockroaches
  3 hobgoblins
  12 jackals
  4 quokkas
  3 bats
  4 frilled lizards
  2 goblins
  3 kobolds
  4 rats
65 creatures vanquished.
